 Dungeon Crawl Stone Soup version 0.29.0-4-gdea44cf6ec (webtiles) character file.

Game seed: 3597778393921635477

175 qw the Chopper (level 5, -10/30 HPs)
             Began as a Tengu Warper on Aug 28, 2022.
             Mangled by Sigmund
             ... wielding a +2 scythe of holy wrath
              (11 damage)
             ... on level 3 of the Dungeon.
             The game lasted 00:00:18 (3353 turns).

qw the Chopper (Tengu Warper)                       Turns: 3353, Time: 00:00:19

Health: -10/30     AC:  3    Str: 19 (20) XL:     5   Next: 55%
Magic:  9/9        EV: 13    Int: 12 (13) God:
Gold:   75         SH:  6    Dex: 13      Spells: 8/8 levels left

rFire   + . .      SeeInvis .   Y - +0 war axe
rCold   . . .      Faith    .   c - +2 buckler {reflect}
rNeg    . . .      Spirit   .   b - +0 leather armour
rPois   .          Reflect  +   (helmet restricted)
rElec   .          Harm     .   (no cloak)
rCorr   .          Rampage  .   (no gloves)
Will    .....                   (boots unavailable)
Stlth   +.........              (no amulet)
HPRegen 0.10/turn               e - +6 ring of strength
MPRegen 0.11/turn               l - ring of protection from fire

@: flying quickly and evasively, quick
A: beak, talons 3, nimble flight
a: no special abilities


You were on level 3 of the Dungeon.
You visited 1 branch of the dungeon, and saw 3 of its levels.

You collected 75 gold pieces.


Innate Abilities, Weirdness & Mutations

You have a beak for a mouth.
You have claws for feet.
Your magical nature lets you fly swiftly and evasively.


   Skills:
 - Level 2.0 Fighting
 + Level 5.9 Axes
 - Level 1.0 Throwing
 - Level 1.1 Armour
 - Level 2.1 Dodging
 - Level 1.2 Shields
 - Level 2.0 Spellcasting
 - Level 2.4 Translocations


You had 8 spell levels left.
You didn't know any spells.
Your spell library contained the following spells:

 Spells                   Type           Power      Damage    Failure   Level
 Blink                    Tloc           12%        N/A       26%         2
 Gell's Gravitas          Tloc           6%         N/A       45%         3
 Lesser Beckoning         Tloc           6%         N/A       45%         3
 Teleport Other           Tloc           6%         N/A       45%         3
 Manifold Assault         Tloc           6%         N/A       99%         5

Inventory:

Hand Weapons
 d - a +0 whip
 Y - a +0 war axe (weapon)
Armour
 b - a +0 leather armour (worn)
 c - a +2 buckler of reflection (worn)
 i - a +0 ring mail
 o - a +0 cloak
Jewellery
 e - a +6 ring of strength (left hand)
 l - a ring of protection from fire (right hand)
Scrolls
 a - a scroll of identify
 g - a scroll of magic mapping {unknown}
 m - 2 scrolls of enchant armour
 p - a scroll of butterflies {unknown}
Potions
 f - 3 potions of resistance
 h - a potion of curing
 j - a potion of heal wounds {unknown}
 k - a potion of ambrosia {unknown}
 n - a potion of brilliance {unknown}

Dungeon Overview and Level Annotations

Branches:
Dungeon (3/15)

Altars:

Annotations:
D:3 Sigmund


Message History

You block the worm's attack.
You barely miss the worm. You claw the worm.
The worm is severely wounded.
The worm bites you.
You hit the worm. You peck the worm.
You kill the worm!
You start resting.
HP restored.
You see here a worm corpse.
Found a hand axe.
Found a stone staircase leading down.
f - 3 potions of resistance (gained 2)
A bat comes into view.
Enter note: You miss the bat.
Your kick misses the bat. The bat closely misses you.
You block the bat's attack.
You hit the bat.
You kill the bat!
Sigmund the Dreaded comes into view.
He is wielding a +2 scythe of holy wrath.
Sigmund shouts!
Enter note: Sigmund hits you with a +2 scythe of holy wrath!
You barely miss Sigmund. Your kick misses Sigmund. Your peck misses Sigmund.
You slash Sigmund!
Sigmund is heavily wounded.
Sigmund hits you with a +2 scythe of holy wrath!
You barely miss Sigmund. Your peck misses Sigmund.
Sigmund is heavily wounded.
You block Sigmund's attack.
You hit Sigmund but do no damage. You claw Sigmund.
Sigmund is severely wounded.
Sigmund hits you with a +2 scythe of holy wrath.
You barely miss Sigmund. You claw Sigmund, but do no damage.
Sigmund is severely wounded.
Sigmund hits you with a +2 scythe of holy wrath!
You closely miss Sigmund.
Sigmund is severely wounded.
Sigmund hits you with a +2 scythe of holy wrath!
You die...

######### #.......
#......# #......# #
#......#.## .#
#......... .#
#....@.# .###
######...@..#.##
...
.....!...........
.# #####|..........
.# #######
#........###
.###.....#
#.....#..#
.........#
##.....#..#
.###.....###......#
.#
...#.....##.......#
.#
)#.#.....#..#.....#


You could see Sigmund.

Vanquished Creatures
  Jessica (D:3)
  Natasha (thrice) (D:2)
  2 adders
  2 worms
  A dart slug (D:1)
  An orc (D:2)
  2 ball pythons
  An endoplasm (D:2)
  3 giant cockroaches
  10 goblins
  5 hobgoblins
  2 quokkas (D:1)
  4 bats
  2 frilled lizards
  3 kobolds
  10 rats
52 creatures vanquished.

Notes
Turn   | Place    | Note
-------+----------+-------------------------------------------
     0 | D:1      | qw the Tengu Warper began the quest for the Orb.
     0 | D:1      | Reached XP level 1. HP: 12/12 MP: 4/4
     0 | D:1      | 0 ||| qw: Version: 0.1-a-89-g26bdef1
     0 | D:1      | 0 ||| qw: Game counter: 1590
     0 | D:1      | 0 ||| qw: Always use a shield: true
     0 | D:1      | 0 ||| qw: God list: Okawaru
     0 | D:1      | 0 ||| qw: Allow faded altars: false
     0 | D:1      | 0 ||| qw: Do Orc after D:15 true
     0 | D:1      | 0 ||| qw: Do second Lair branch before Depths: true
     0 | D:1      | 0 ||| qw: Lair rune preference: random
     0 | D:1      | 0 ||| qw: Plans: Normal
     0 | D:1      | 0 ||| PLANNING D:1-11
    72 | D:1      | 72 ||| Stepping ~*~*~tactically~*~*~ (stealth).
    74 | D:1      | 74 ||| Stepping ~*~*~tactically~*~*~ (stealth).
    88 | D:1      | HP: 1/12 [kobold/+0 whip (3)]
   408 | D:1      | 408 ||| Stepping ~*~*~tactically~*~*~ (stealth).
   414 | D:1      | Reached skill level 3 in Axes
   414 | D:1      | Reached XP level 2. HP: 13/17 MP: 6/6
  1043 | D:1      | Reached XP level 3. HP: 11/21 MP: 7/7
  1481 | D:1      | 1481 ||| READING 2 scrolls labelled YGUM TOTAUTHA.
  1482 | D:1      | 1482 ||| READING scroll labelled QEVYCV TASUOLO.
  1486 | D:1      | 1486 ||| READING 2 scrolls labelled VUVVIASOENG.
  1487 | D:1      | 1487 ||| READING scroll labelled ZIBROKL GOLOGG.
  1488 | D:1      | 1488 ||| READING scroll labelled GOUDGH SAMEOCVI.
  1489 | D:1      | 1489 ||| READING 3 scrolls labelled VITURA YNAPSAAT.
  1490 | D:1      | 1490 ||| DRINKING 2 puce potions.
  1491 | D:1      | 1491 ||| DROPPING scroll of blinking.
  1492 | D:1      | 1492 ||| DROPPING scroll of poison.
  1534 | D:2      | Noticed Natasha
  1541 | D:2      | Killed Natasha
  1542 | D:2      | Reached skill level 4 in Axes
  1572 | D:2      | 1572 ||| Stepping randomly (stuck).
  1584 | D:2      | 1584 ||| Stepping ~*~*~tactically~*~*~ (stealth).
  1600 | D:2      | Reached XP level 4. HP: 26/26 MP: 8/8
  1603 | D:2      | 1603 ||| SWAPPING to +0 war axe.
  1604 | D:2      | 1604 ||| DROPPING +1 hand axe.
  1629 | D:2      | 1629 ||| UPGRADING to +6 ring of strength.
  1630 | D:2      | 1630 ||| DRINKING 2 green potions.
  1631 | D:2      | 1631 ||| DROPPING potion of degeneration.
  1632 | D:2      | 1632 ||| Stepping randomly (stuck).
  1633 | D:2      | 1633 ||| Stepping randomly (stuck).
  1634 | D:2      | 1634 ||| Stepping randomly (stuck).
  1916 | D:2      | Noticed Natasha
  1917 | D:2      | 1917 ||| Stepping ~*~*~tactically~*~*~ (stealth).
  1928 | D:2      | HP: 4/26 [Natasha (6)]
  1929 | D:2      | 1929 ||| READING scroll of teleportation.
  1930 | D:2      | Killed Natasha
  1931 | D:2      | Reached skill level 5 in Axes
  2414 | D:2      | Noticed Natasha
  2416 | D:2      | 2416 ||| Stepping ~*~*~tactically~*~*~ (hiding).
  2421 | D:2      | Killed Natasha
  2422 | D:2      | Gained mutation: Your magical nature lets you fly swiftly
                  | and evasively. [Tengu growth]
  2422 | D:2      | Reached XP level 5. HP: 24/30 MP: 9/9
  2589 | D:2      | Found a faded altar of an unknown god.
  2974 | D:2      | 2974 ||| DROPPING orb of wrath.
  2975 | D:2      | 2975 ||| UPGRADING to ring of protection from fire.
  2976 | D:2      | 2976 ||| READING scroll labelled EZIOGU LUAHIARY.
  2976 | D:2      | Identified a scroll of acquirement
  2976 | D:2      | 2976 ||| ACQUIRING +2 buckler of reflection
  2976 | D:2      | Acquired a +2 buckler of reflection
  2978 | D:2      | 2978 ||| UPGRADING to +2 buckler of reflection.
  2983 | D:2      | 2983 ||| DRINKING 2 blue potions.
  2984 | D:2      | 2984 ||| READING 2 scrolls of identify.
  2984 | D:2      | 2984 ||| IDENTIFYING metallic black potion
  2985 | D:2      | 2985 ||| DROPPING potion of attraction.
  2989 | D:3      | Noticed Jessica
  2991 | D:3      | Killed Jessica
  2992 | D:3      | Reached skill level 1 in Shields
  3040 | D:3      | 3040 ||| Stepping ~*~*~tactically~*~*~ (stealth).
  3095 | D:3      | 3095 ||| Stepping ~*~*~tactically~*~*~ (stealth).
  3344 | D:3      | Noticed Sigmund
  3352 | D:3      | HP: 1/30 [Sigmund/+2 scythe of holy wrath (10)]
  3353 | D:3      | Mangled by Sigmund

Levels and vault maps discovered:
D:1:      nagdon_arrival_double_spiral, layout_basic
D:2:      layout_loops_ring, ebering_ecumenical_altar_rust,
          serial_co_window_serial, co_window_corner_a, co_window_corner_a,
          co_window_paths_a, co_window_paths_a, co_window_of_opportunity_a,
          co_window_corner_b, co_window_2corner, co_window_corner_cb,
          co_window_corner_cb, co_window_4corner_b, co_window_sun,
          glass_columns_b, uniq_natasha
D:3:      layout_basic, uniq_sigmund, uniq_jessica

Skill      XL: |  1  2  3  4  5 |
---------------+----------------+-----
Axes           | 3 4 5 |  5.9
Shields        | 1 |  1.2
Fighting       | |  2.0
Throwing       | |  1.0
Armour         | |  1.1
Dodging        | |  2.1
Spellcasting   | |  2.0
Translocations | |  2.4

Action                   |  1- 3 |  4- 6 || total
-------------------------+-------+-------++-------
Melee: Hand axe          |    69 |       ||    69
       Peck              |    11 |     8 ||    19
       Kick              |    10 |    12 ||    22
       War axe           |       |    55 ||    55
Throw: Boomerang         |     7 |       ||     7
  Use: Scroll            |     6 |     3 ||     9
       Potion            |     1 |     2 ||     3
 Stab: Sleeping          |       |     1 ||     1
Armor: Leather armour    |    17 |     7 ||    24
Dodge: Dodged            |    31 |    15 ||    46
Block: Buckler           |       |     5 ||     5

Table legend:
 A = Non-vault XP
 B = Vault XP
 C = Vault XP percentage of total XP
 D = Non-vault monster count
 E = Vault monster count
 F = Vault count percentage of total count
                 A         B        C        D         E       F
            +---------+---------+-------+---------+---------+-------
      Total |     179 |      72 |  28.7 |      50 |       2 |   3.8
            +---------+---------+-------+---------+---------+-------
        D:1 |      38 |       0 |   0.0 |      22 |       0 |   0.0
        D:2 |     117 |      35 |  23.0 |      22 |       1 |   4.3
        D:3 |      24 |      37 |  60.7 |       6 |       1 |  14.3
            +---------+---------+-------+---------+---------+-------
